 Dungeon Crawl Stone Soup version 0.25-a0-578-gc91f01c39c (webtiles) character file.

Game seed: 3589612726251903586, levelgen mode: deterministic

320947 Flugslaktarn the Impregnable (level 20, -33/206 HPs)
             Began as a Deep Dwarf Fighter on Mar 5, 2020.
             Was the Champion of Makhleb.
             Killed from afar by a spriggan air mage (34 damage)
             ... with a bolt of lightning
             ... led by a spriggan defender
             ... on level 5 of the Depths.
             The game lasted 00:17:08 (20423 turns).

Flugslaktarn the Impregnable (Deep Dwarf Fighter)  Turns: 20423, Time: 00:17:09

Health: -33/206    AC: 31    Str: 29    XL:     20   Next: 25%
Magic:  18/18      EV:  7    Int: 11    God:    Makhleb [******]
Gold:   2250       SH: 23    Dex:  9    Spells: 19/19 levels left

rFire    . . .     SeeInvis .   i - +12 war axe of Equivalence {vorpal, rC+ Str+2}
rCold    + + .     Gourm    .   P - +2 tower shield
rNeg     + + +     Faith    .   R - +0 plate armour {rPois}
rPois    +         Spirit   .   H - +2 helmet
rElec    .         Reflect  .   F - +2 cloak {rPois}
rCorr    .         Harm     .   A - +2 pair of gloves
MR       +++++     Clarity  +   (no boots)
Stlth    ..........             j - amulet of the Four Winds {rN+ MR+++ Clar}
HPRegen  0.00/turn              Q - ring of Muicigeg {Ice +Blink rN+++ Dex-3 Slay+5}
MPRegen  0.16/turn              G - ring of Eruhiwu {rF+ Slay+4}

@: very slightly contaminated, non-regenerating
A: damage resistance, heal wounds, negative energy resistance 1, sense
surroundings 3, no regeneration
}: 3/15 runes: decaying, silver, gossamer
a: Heal Wounds, Minor Destruction, Lesser Servant of Makhleb, Major Destruction,
Greater Servant of Makhleb, Renounce Religion, Evoke Blink


You were on level 5 of the Depths.
You worshipped Makhleb.
Makhleb was exalted by your worship.
You were not hungry.

You visited 7 branches of the dungeon, and saw 40 of its levels.

You collected 2710 gold pieces.
You spent 460 gold pieces at shops.

Inventory:

Hand Weapons
 i - the +12 war axe of Equivalence (weapon) {vorpal, rC+ Str+2}
   (You found it on level 6 of the Dungeon)

   It inflicts extra damage upon your enemies.
   It affects your strength (+2).
   It protects you from cold.
 v - a +0 broad axe
   (You took it off a vault warden on level 5 of the Vaults)
 y - a +4 scimitar of flaming
   (You took it off Erica on level 8 of the Dungeon)
 W - the +4 broad axe of Quec {freeze, *Noise MR++ Int+8}
   (You found it on level 1 of the Depths)

   It has been specially enchanted to freeze those struck by it, causing extra
   injury to most foes and up to half again as much damage against particularly
   susceptible opponents.
   It can also slow down cold-blooded creatures.
   It affects your intelligence (+8).
   It affects your resistance to hostile enchantments.
   It may make noises in combat.
Armour
 c - a +1 kite shield
 A - a +2 pair of gloves (worn)
   (You found it on level 3 of the Dungeon)
 F - a +2 cloak of poison resistance (worn)
   (You bought it in a shop on level 7 of the Dungeon)
 H - a +2 helmet (worn)
   (You found it on level 5 of the Lair of Beasts)
 P - a +2 tower shield (worn)
   (You found it on level 6 of the Lair of Beasts)
 R - a +0 plate armour of poison resistance (worn)
   (You found it on level 6 of the Lair of Beasts)
Jewellery
 j - the amulet of the Four Winds (around neck) {rN+ MR+++ Clar}
   (You found it on level 1 of the Spider Nest)

   [amulet of nothing]

   It protects you from negative energy.
   It affects your resistance to hostile enchantments.
   It protects you against confusion.
 m - an uncursed ring of protection from magic
   (You took it off a tengu reaver on level 5 of the Vaults)
 o - an uncursed ring of poison resistance
   (You found it on level 6 of the Lair of Beasts)
 D - an uncursed amulet of rage {unknown}
   (You found it on level 2 of the Spider Nest)
 G - the ring of Eruhiwu (right hand) {rF+ Slay+4}
   (You found it on level 11 of the Dungeon)

   [ring of slaying]

   It affects your accuracy and damage with ranged weapons and melee attacks
   (+4).
   It protects you from fire.
 Q - the ring of Muicigeg (left hand) {Ice +Blink rN+++ Dex-3 Slay+5}
   (You found it on level 6 of the Lair of Beasts)

   [ring of ice]

   It enhances your ice magic.
   It affects your dexterity (-3).
   It affects your accuracy and damage with ranged weapons and melee attacks
   (+5).
   It makes you vulnerable to fire.
   It protects you from cold.
   It renders you almost immune to negative energy.
   It lets you blink.
 T - a cursed ring of attention {unknown}
   (You found it on level 2 of the Swamp)
 V - a +3 ring of dexterity {unknown}
   (You found it on level 4 of the Spider Nest)
Wands
 n - a wand of acid (24)
   (You found it on level 4 of the Dungeon)
 B - a wand of digging (17)
   (You found it on level 5 of the Dungeon)
 C - a wand of iceblast (6)
   (You found it on level 8 of the Dungeon)
 L - a wand of paralysis (16)
   (You found it on level 2 of the Lair of Beasts)
 Z - a wand of clouds (6)
   (You found it on level 1 of the Vaults)
Scrolls
 a - a scroll of holy word
 f - 3 scrolls of magic mapping
 k - 5 scrolls of fog
 r - 5 scrolls of identify
 t - 11 scrolls of teleportation
 x - 13 scrolls of remove curse
 z - 2 scrolls of blinking
 E - a scroll of brand weapon
 I - 2 scrolls of vulnerability
 J - 2 scrolls of fear
 S - 3 scrolls of enchant weapon
 U - a scroll of enchant armour
 X - 5 scrolls of immolation
 Y - a scroll of summoning
Potions
 b - a potion of stabbing
 d - a potion of might
 g - 5 potions of lignification
 h - 5 potions of haste
 l - a potion of resistance {unknown}
 p - 3 potions of brilliance {unknown}
 q - 13 potions of curing
 s - a potion of ambrosia
 w - 4 potions of heal wounds
 K - 2 potions of berserk rage
 M - 4 potions of mutation
 N - a potion of invisibility {unknown}
 O - 2 potions of magic
Comestibles
 e - 62 rations
 u - 18 chunks of flesh


   Skills:
 + Level 18.5 Fighting
 - Level 16.0 Axes
 + Level 21.3 Armour
 - Level 15.0 Shields
 - Level 15.0 Invocations


You had 19 spell levels left.
You didn't know any spells.
Your spell library was empty.

Dungeon Overview and Level Annotations

Branches:
Dungeon (15/15)            Temple (1/1) D:6            Lair (6/6) D:11
  Swamp (4/4) Lair:4       Spider (4/4) Lair:2        Slime (0/5) Lair:5
    Orc (0/2) D:11         Vaults (5/5) D:14         Depths (5/5) D:15
  Crypt: Vaults:2-3     Zot: Depths:5

Altars:
Ashenzari
Cheibriados
Dithmenos
Elyvilon
Hepliaklqana
Kikubaaqudgha
Makhleb
Okawaru
Qazlal
Ru
Sif Muna
Trog
Uskayaw
Vehumet
Wu Jian
Xom
Zin
The Shining One
Jiyva

Shops:
D:4 !?:%%   D:6 }   D:7 [   D:12 (   D:13 !}[*

Portals:
Hell: Depths:1 Depths:2 Depths:4
Abyss: Depths:1 Depths:3
Pandemonium: Depths:1

Annotations:
D:4 exclusion: statue
D:11 3 runed translucent doors
Lair:2 3 runed translucent doors, Irchumiyd's ghost, journeyman DEAE
Lair:5 1 runed translucent door
Swamp:1 Roxanne
Depths:4 Mara
Depths:5 the Enchantress


Innate Abilities, Weirdness & Mutations

You are resistant to damage.
You can heal yourself by infusing magical energy.
You resist negative energy. (rN+)
You passively map a large area around you.
You do not regenerate.


Message History

The bolt of lightning misses you.
A purple draconian comes into view. It is wielding a +0 glaive.
The Enchantress gestures at you while chanting.
You resist with almost no effort.
Your magical essence is drained by the effort!
You feel much better.
The black draconian breathes lightning at you.
The bolt of lightning hits you!!!
* * * LOW HITPOINT WARNING * * *
The Enchantress gestures wildly while chanting.
You resist with almost no effort.
Your magical essence is drained by the effort!
You feel much better.
The spark wasp bursts into living lightning!
The living lightning hits you!!
* * * LOW HITPOINT WARNING * * *
The spark wasp blinks!
The spriggan air mage casts a spell at you.
The bolt of lightning hits you!!!
You die...

,,, , * , , , ,,** , , ,,
, ** * , .,, *## , ., , ,,
, ,*,..## ###.# ,.. , , ,
,....###... ... , , ,
.......y.##.... * ,** ,
................. , *, ,
.............# ,, , * ,
....≈≈.@...##..,,, ,
#..#..#.....≈......#%.. ≈
, . ......................
#.#.#....###...i......d≈,,
,* ..#.#....#
##%i.§ii..... ,,
........####..yi<.d.i.. ,
#........#..y..C......, ,
, ##....<........iii.....
, ,
#...<........y.).......


You could see a black draconian (inner flame), a purple draconian, the
Enchantress (inner flame), a stone giant (inner flame), 2 spriggan defenders, 3
spark wasps, 2 spriggan riders, 3 spriggan air magi and a spriggan (inner
flame).

Vanquished Creatures
  Margery (Vaults:5)
  Arachne (Spider:3)
  A pearl dragon (Depths:1)
  3 liches
  Rupert (D:14)
  3 tentacled monstrosities (Vaults:5)
  A quicksilver dragon (Vaults:5)
  3 sphinxes
  3 storm dragons (Vaults:5)
  6 titans (Vaults:5)
  2 thorn hunters (Swamp:4)
  4 tengu reavers
  4 shadow dragons (Vaults:5)
  An azure jelly (Swamp:4)
  2 fire giants
  A ghost moth (Spider:4)
  6 frost giants
  10 vault wardens
  A deep elf elementalist (Vaults:5)
  5 emperor scorpions
  4 ironheart preservers (Vaults:5)
  9 very ugly things
  A spriggan defender (Depths:5)
  3 entropy weavers
  11 stone giants
  An ophan (Depths:1)
  A deep elf demonologist (Vaults:5)
  Nessos (D:14)
  An apis (Depths:1)
  Azrael (Spider:3)
  5 dire elephants (Lair:6)
  3 ettins
  Snorg (D:13)
  2 deep elf high priests (Vaults:5)
  8 yaktaur captains
  5 fire dragons
  7 ice dragons
  24 vault guards (Vaults:5)
  2 great orbs of eyes
  6 hydras
  3 rakshasas
  A ghost crab (Swamp:2)
  Erica (D:8)
  A shambling mangrove (Swamp:4)
  5 centaur warriors
  10 alligators
  13 two-headed ogres
  An anaconda (Lair:6)
  A queen ant (Spider:2)
  2 tengu warriors
  2 dancing weapons (Vaults:5)
  3 deep troll shamans
  3 ogre magi
  A shock serpent (shapeshifter) (Vaults:5)
  A vampire mage (Depths:2)
  Urug (D:11)
  A deep troll earth mage (Depths:1)
  4 deep elf knights (Vaults:5)
  4 spriggans
  5 hell knights (Vaults:5)
  5 iron trolls
  A flayed ghost (Depths:1)
  A spriggan druid (Swamp:4)
  An unseen horror (D:14)
  A sea snake (shapeshifter) (Vaults:5)
  3 wizards
  A deep elf archer (Vaults:5)
  A swamp dragon (Swamp:4)
  4 necromancers
  10 deep trolls
  5 glowing orange brains
  A lindwurm (Lair:2)
  A lindwurm (shapeshifter) (D:14)
  4 orc knights
  A harpy (Vaults:2)
  4 phantasmal warriors (Vaults:5)
  25 ugly things
  10 orb spiders
  A cyclops (D:14)
  3 deep elf magi
  24 wolf spiders
  2 manticores
  3 moths of wrath
  11 elephants
  Joseph (D:7)
  4 torpor snails
  4 black mambas
  6 vault sentinels
  Psyche (D:8)
  A gargoyle (D:13)
  7 freezing wraiths
  13 spiny frogs
  3 rime drakes
  23 yaktaurs
  8 komodo dragons
  13 demonic crawlers
  2 efreet
  2 ice devils (Lair:3)
  A queen bee (D:14)
  A meliai (shapeshifter) (Vaults:2)
  6 tyrant leeches
  24 jumping spiders
  3 meliai (D:14)
  2 tengu conjurers
  9 trolls
  16 hornets
  Prince Ribbit (D:8)
  Grinder (D:5)
  23 blink frogs
  17 dream sheep
  3 hippogriffs
  A meliai zombie (D:14)
  17 slime creatures
  3 bog bodies
  2 wyverns
  2 fire elementals (Spider:3)
  24 tarantellas
  A shadow (D:13)
  2 vampires
  59 redbacks
  A hungry ghost (D:10)
  Grum (D:8)
  A basilisk (Lair:3)
  16 humans (D:14)
  21 yaks
  4 swamp worm simulacra (Swamp:4)
  Menkaure (D:6)
  12 vampire mosquitoes
  12 swamp worms
  24 soldier ants (Spider:2)
  A soldier ant (shapeshifter) (D:11)
  11 insubstantial wisps
  4 acid dragons
  7 water moccasins
  Duvessa (D:7)
  6 hell hounds (Spider:3)
  12 hydra simulacra (Swamp:4)
  19 porcupines
  9 orc warriors
  2 swamp drakes
  3 ice beasts
  2 black bears (D:8)
  A sky beast (D:10)
  A necrophage (D:9)
  A phantom (D:5)
  12 ogres
  15 centaurs
  13 wolves
  19 crocodiles
  6 big kobolds
  22 bullfrogs
  3 gnoll sergeants (D:11)
  Dowan (D:7)
  A water moccasin zombie (D:7)
  5 wyvern skeletons
  7 scorpions
  26 killer bees
  10 wights
  2 electric eels
  6 howler monkeys
  A quasit (D:6)
  8 crimson imps
  8 hounds
  4 jellies
  18 orc wizards
  10 orc priests
  5 bullfrog skeletons
  4 centaur skeletons
  6 iguanas
  Ijyb (D:3)
  28 worker ants
  10 adders
  11 gnolls
  7 shadow imps
  2 oozes
  4 swamp drake simulacra (Swamp:4)
  2 adder skeletons
  An adder zombie (D:9)
  5 worms
  5 leopard geckos
  67 orcs
  2 bats (D:3)
  6 giant cockroaches
  4 goblins (D:3)
  4 hobgoblins
  4 jackals (D:6)
  4 quokkas
  A quokka (shapeshifter) (Vaults:5)
  3 ball pythons
  6 frilled lizards
  A jackal skeleton (D:9)
  6 kobolds
  2 leopard gecko skeletons (D:4)
  A quokka skeleton (D:6)
  A quokka zombie (D:5)
  3 rats (D:3)
  2 fungi
  9 plants
1234 creatures vanquished.

Vanquished Creatures (collateral kills)
  A hydra (Lair:2)
  A water moccasin (Lair:2)
  A plant (Lair:1)
3 creatures vanquished.

Vanquished Creatures (others)
  A swamp dragon (Swamp:4)
  A spriggan (Swamp:2)
  A vampire mosquito (Swamp:4)
  A swamp drake (Swamp:4)
  3 briar patches (Swamp:4)
  2 fungi (Lair:4)
  29 plants (Lair:2)
38 creatures vanquished.

Grand Total: 1275 creatures vanquished

Notes
Turn   | Place    | Note
-------+----------+-------------------------------------------
     0 | D:1      | Flugslaktarn the Deep Dwarf Fighter began the quest for the
                  | Orb.
     0 | D:1      | Reached XP level 1. HP: 20/20 MP: 1/1
    29 | D:1      | Found a shimmering altar of Xom.
   121 | D:2      | Reached XP level 2. HP: 22/27 MP: 2/2
   164 | D:3      | Noticed a scorpion
   172 | D:3      | Reached XP level 3. HP: 24/33 MP: 3/3
   182 | D:3      | Killed a scorpion
   182 | D:3      | Reached XP level 4. HP: 29/42 MP: 4/4
   227 | D:3      | Reached skill level 4 in Armour
   366 | D:3      | Reached XP level 5. HP: 49/49 MP: 5/5
   451 | D:3      | Found a glowing silver altar of Zin.
   451 | D:3      | Noticed an angel
   515 | D:4      | Found Hogitisa's Magic Scroll Shop.
   566 | D:4      | Found Sexun's Book Shoppe.
   665 | D:4      | Found Ropoawyj's Food Emporium.
   671 | D:4      | Found Qyckaiwy's Food Shop.
   736 | D:4      | Found a radiant altar of Vehumet.
   737 | D:4      | Noticed a frost-covered statue
   771 | D:4      | Found Ithreg's Distillery.
   926 | D:4      | Found an ornate altar of the Wu Jian Council.
   963 | D:4      | Found a bloodstained altar of Trog.
  1051 | D:5      | Entered Level 5 of the Dungeon
  1051 | D:5      | Noticed Grinder
  1070 | D:5      | Paralysed by Grinder for 4 turns
  1078 | D:5      | Killed Grinder
  1078 | D:5      | Reached skill level 5 in Axes
  1078 | D:5      | Reached XP level 6. HP: 44/57 MP: 6/6
  1091 | D:5      | Reached XP level 7. HP: 49/64 MP: 7/7
  1194 | D:5      | Reached skill level 5 in Shields
  1217 | D:5      | Reached skill level 5 in Armour
  1308 | D:5      | Found an ancient bone altar of Kikubaaqudgha.
  2164 | D:6      | Reached XP level 8. HP: 50/73 MP: 7/7
  2229 | D:6      | Got a bone war axe
  2230 | D:6      | Identified the +12 war axe of Equivalence {vorpal, rC+
                  | Str+2} (You found it on level 6 of the Dungeon)
  2338 | D:6      | Reached skill level 6 in Armour
  2341 | D:6      | Reached skill level 5 in Fighting
  2492 | D:6      | Found a staircase to the Ecumenical Temple.
  2504 | D:6      | Noticed Menkaure
  2510 | D:6      | Killed Menkaure
  2522 | Temple   | Entered the Ecumenical Temple
  2899 | D:6      | Found Cicwytucs's Gadget Shoppe.
  3157 | D:7      | Gained mutation: You passively map the area around you.
                  | [Deep Dwarf growth]
  3157 | D:7      | Reached XP level 9. HP: 64/81 MP: 7/7
  3219 | D:7      | Noticed Duvessa
  3220 | D:7      | Noticed Dowan
  3226 | D:7      | Killed Duvessa
  3229 | D:7      | Killed Dowan
  3302 | D:7      | Noticed Joseph
  3309 | D:7      | Killed Joseph
  3309 | D:7      | Reached skill level 7 in Armour
  3474 | D:7      | Found Fyqesudu's Armour Emporium.
  3478 | D:7      | Bought a +2 cloak of poison resistance for 240 gold pieces
  3747 | D:8      | Noticed Grum
  3761 | D:8      | Killed Grum
  3761 | D:8      | Reached skill level 10 in Axes
  3875 | D:3      | Noticed Ijyb
  3880 | D:3      | Killed Ijyb
  4124 | D:2      | Found a burning altar of Makhleb.
  4168 | D:2      | Became a worshipper of Makhleb the Destroyer
  4387 | D:8      | Reached skill level 1 in Invocations
  4387 | D:8      | Reached XP level 10. HP: 66/92 MP: 8/8
  4471 | D:8      | Noticed Psyche
  4481 | D:8      | Paralysed by Psyche for 5 turns
  4486 | D:8      | Killed Psyche
  4675 | D:8      | Noticed Erica
  4682 | D:8      | Killed Erica
  4682 | D:8      | Reached skill level 8 in Armour
  4802 | D:8      | Noticed Prince Ribbit
  4806 | D:8      | Killed Prince Ribbit
  4924 | D:9      | Found an iron altar of Okawaru.
  4948 | D:9      | Noticed a two-headed ogre
  4964 | D:9      | Killed a two-headed ogre
  4979 | D:9      | Reached * piety under Makhleb
  5303 | D:9      | Reached ** piety under Makhleb
  5351 | D:9      | Reached XP level 11. HP: 69/100 MP: 9/9
  5474 | D:9      | Found a shimmering blue altar of Sif Muna.
  5601 | D:10     | Entered Level 10 of the Dungeon
  5601 | D:10     | Noticed a two-headed ogre
  5612 | D:10     | Killed a two-headed ogre
  5612 | D:10     | Reached skill level 5 in Invocations
  5618 | D:10     | Reached skill level 9 in Armour
  5703 | D:10     | Noticed a two-headed ogre
  5717 | D:10     | Killed a two-headed ogre
  6138 | D:11     | Found a staircase to the Orcish Mines.
  6138 | D:11     | Noticed a cyan ugly thing
  6146 | D:11     | Killed a cyan ugly thing
  6157 | D:11     | Reached *** piety under Makhleb
  6299 | D:11     | Noticed a two-headed ogre
  6306 | D:11     | Killed a two-headed ogre
  6324 | D:11     | Noticed a brown ugly thing
  6325 | D:11     | Noticed a white ugly thing
  6332 | D:11     | Killed a brown ugly thing
  6336 | D:11     | Killed a brown ugly thing
  6364 | D:11     | Found a runed translucent door.
  6364 | D:11     | Identified the ring of Eruhiwu {rF+ Slay+4}
  6367 | D:11     | Noticed a frost giant
  6368 | D:11     | Noticed a white ugly thing
  6368 | D:11     | Noticed a flayed ghost
  6383 | D:11     | Killed a white ugly thing
  6383 | D:11     | Reached XP level 12. HP: 112/112 MP: 12/12
  6391 | D:11     | Found a runed translucent door.
  6391 | D:11     | Noticed a centaur warrior
  6393 | D:11     | Found a runed translucent door.
  6405 | D:11     | Reached skill level 10 in Shields
  6417 | D:11     | Reached skill level 10 in Armour
  6464 | D:11     | Reached **** piety under Makhleb
  6494 | D:11     | Found a staircase to the Lair.
  6759 | D:11     | Noticed Urug
  6766 | D:11     | Killed Urug
  7084 | D:4      | Bought a scroll of brand weapon for 220 gold pieces
  7243 | Lair:1   | Entered Level 1 of the Lair of Beasts
  7465 | Lair:1   | Noticed an eight-headed hydra
  7475 | Lair:1   | Killed a 13-headed hydra
  8123 | Lair:2   | Noticed Irchumiyd's ghost (journeyman DEAE)
  8142 | Lair:2   | Found a runed translucent gate.
  8142 | Lair:2   | Found a runed translucent gate.
  8142 | Lair:2   | Found a runed translucent gate.
  8264 | Lair:2   | Found a hole to the Spider Nest.
  8277 | Lair:2   | Noticed a seven-headed hydra
  8301 | Lair:2   | Killed a 15-headed hydra
  8781 | Lair:2   | Reached XP level 13. HP: 121/121 MP: 11/11
  8792 | Lair:2   | Reached ***** piety under Makhleb
  9230 | Lair:3   | Reached skill level 11 in Armour
  9253 | Lair:3   | You fall into a shaft and drop 2 floors!
  9371 | Lair:4   | Found a staircase to the Swamp.
  9446 | Lair:4   | Reached skill level 10 in Invocations
  9478 | Lair:4   | Reached skill level 15 in Axes
 10656 | Lair:5   | Found a runed translucent door.
 11192 | Lair:5   | Found a viscous altar of Jiyva.
 11192 | Lair:5   | Found a staircase to the Slime Pits.
 11206 | Lair:6   | Entered Level 6 of the Lair of Beasts
 11225 | Lair:6   | Reached ****** piety under Makhleb
 11225 | Lair:6   | Reached skill level 10 in Fighting
 11301 | Lair:6   | Gained mutation: You resist negative energy. (rN+) [Deep
                  | Dwarf growth]
 11301 | Lair:6   | Reached XP level 14. HP: 132/132 MP: 14/14
 12161 | Lair:6   | Got a pitted steel ring
 12176 | Lair:6   | Identified the ring of Muicigeg {Ice +Blink rN+++ Dex-3
                  | Slay+5} (You found it on level 6 of the Lair of Beasts)
 12347 | Lair:6   | Reached skill level 12 in Armour
 12535 | Spider:1 | Entered Level 1 of the Spider Nest
 12535 | Spider:1 | Found the amulet of the Four Winds {rN+ MR+++ Clar}
 12815 | Spider:2 | Noticed an entropy weaver
 12834 | Spider:2 | Killed an entropy weaver
 12842 | Spider:2 | Noticed an entropy weaver
 12867 | Spider:2 | Killed an entropy weaver
 13218 | Spider:3 | Noticed Arachne
 13259 | Spider:3 | Killed Arachne
 13271 | Spider:3 | Reached XP level 15. HP: 71/141 MP: 15/15
 13290 | Spider:3 | Noticed Azrael
 13306 | Spider:3 | Killed Azrael
 13306 | Spider:3 | Reached skill level 13 in Armour
 13515 | Spider:4 | Entered Level 4 of the Spider Nest
 13719 | Spider:4 | Paralysed by a hornet for 2 turns
 13804 | Spider:4 | Reached skill level 14 in Armour
 13946 | Spider:4 | Killed a ghost moth
 13946 | Spider:4 | Reached XP level 16. HP: 152/152 MP: 0/17
 13950 | Spider:4 | Got a gossamer rune of Zot
 14136 | Swamp:1  | Entered Level 1 of the Swamp
 14148 | Swamp:1  | Noticed Roxanne
 14456 | Swamp:4  | Entered Level 4 of the Swamp
 14561 | Swamp:4  | Noticed a thorn hunter
 14577 | Swamp:4  | Killed a thorn hunter
 14606 | Swamp:4  | Noticed a thorn hunter
 14630 | Swamp:4  | Killed a thorn hunter
 14947 | Swamp:4  | Reached skill level 15 in Invocations
 15382 | Swamp:4  | Got a decaying rune of Zot
 15502 | Swamp:2  | Reached skill level 15 in Shields
 15692 | D:12     | Found Ahyczal's Weapon Boutique.
 15733 | D:12     | Found a snail-covered altar of Cheibriados.
 15742 | D:13     | Found Ybio's Distillery.
 15743 | D:13     | Reached skill level 15 in Armour
 15832 | D:13     | Noticed Snorg
 15839 | D:13     | Killed Snorg
 15900 | D:14     | Found a gate to the Vaults.
 15900 | D:14     | Noticed Rupert
 15900 | D:14     | Noticed Nessos
 15922 | D:14     | Killed Rupert
 15929 | D:14     | Killed Nessos
 16380 | D:14     | Reached XP level 17. HP: 164/164 MP: 19/19
 16493 | D:13     | Found Vazarac's Antique Armour Shop.
 16580 | D:13     | Found Elul's Gadget Shoppe.
 16602 | D:13     | Found Vosukeuwn's General Store.
 16755 | Vaults:1 | Entered Level 1 of the Vaults
 16952 | Vaults:2 | Reached skill level 16 in Armour
 17564 | Vaults:5 | Entered Level 5 of the Vaults
 17564 | Vaults:5 | Noticed a lich
 17569 | Vaults:5 | Noticed a titan
 17576 | Vaults:5 | Noticed a tentacled monstrosity
 17580 | Vaults:5 | Noticed an Ice Fiend
 17588 | Vaults:5 | Killed a titan
 17594 | Vaults:5 | Reached skill level 17 in Armour
 17596 | Vaults:5 | Killed a tentacled monstrosity
 17722 | Vaults:5 | Reached skill level 15 in Fighting
 17810 | Vaults:5 | Noticed a titan
 17817 | Vaults:5 | Killed a titan
 17948 | Vaults:5 | Gained mutation: You passively map a large area around you.
                  | [Deep Dwarf growth]
 17948 | Vaults:5 | Reached XP level 18. HP: 178/178 MP: 19/19
 17975 | Vaults:5 | Noticed Margery
 18003 | Vaults:5 | Killed Margery
 18003 | Vaults:5 | Reached skill level 18 in Armour
 18052 | Vaults:5 | Noticed a tentacled monstrosity
 18063 | Vaults:5 | Killed a tentacled monstrosity
 18229 | Vaults:5 | Identified the +1 scale mail of Wrong Decisions {rF+ Dex+2}
 18279 | Vaults:5 | Killed a lich
 18284 | Vaults:5 | Reached skill level 19 in Armour
 18343 | Vaults:5 | Identified the cursed +0 plate armour of Wod Deumn {rCorr
                  | Dex+4}
 18457 | Vaults:5 | Reached XP level 19. HP: 190/190 MP: 20/20
 18764 | Vaults:5 | Reached skill level 20 in Armour
 18766 | Vaults:5 | Got a silver rune of Zot
 19104 | D:15     | Entered Level 15 of the Dungeon
 19316 | D:15     | Found a staircase to the Depths.
 19359 | Depths:1 | Entered Level 1 of the Depths
 19359 | Depths:1 | Found a one-way gate leading to the halls of Pandemonium.
 19362 | Depths:1 | Noticed a pearl dragon
 19381 | Depths:1 | Killed a pearl dragon
 19428 | Depths:1 | Found a glowing silver altar of Zin.
 19428 | Depths:1 | Found a glowing golden altar of the Shining One.
 19428 | Depths:1 | Found a white marble altar of Elyvilon.
 19862 | Depths:1 | Found a one-way gate to the infinite horrors of the Abyss.
 19866 | Depths:1 | Got a transparent broad axe
 19867 | Depths:1 | Identified the +4 broad axe of Quec {freeze, *Noise MR++
                  | Int+8} (You found it on level 1 of the Depths)
 19994 | Depths:1 | Found a gateway to Hell.
 20152 | Depths:2 | Reached XP level 20. HP: 205/205 MP: 21/21
 20236 | Depths:3 | Reached skill level 21 in Armour
 20353 | Depths:4 | Noticed Mara
 20364 | Depths:4 | Noticed Flugslaktarn's illusion
 20384 | Depths:5 | Entered Level 5 of the Depths
 20408 | Depths:5 | Noticed the Enchantress
 20422 | Depths:5 | HP: 4/206 [black draconian/bolt of lightning (37)]
 20423 | Depths:5 | HP: 1/206 [spark wasp/living lightning (20)]
 20423 | Depths:5 | Killed from afar by a spriggan air mage

Levels and vault maps discovered:
D:1:      scummos_arrival_hexagon, layout_loops_ring,
          chequers_serial_rivers_micro_b, xom_teletrap_fun
D:2:      layout_basic, fedhas_altar_4, lemuel_doored_altar,
          makhleb_heckhound_becter, nemelex_altar_shiori, serial_forest,
          infiniplex_forest_straight_2, infiniplex_forest_clump_tiny,
          infiniplex_forest_clump_diagonal, infiniplex_forest_lined_3_way,
          infiniplex_forest_clump_diagonal, infiniplex_forest_straight_4,
          infiniplex_forest_end_2, infiniplex_forest_straight_4,
          kennysheep_generic_room_15
D:3:      layout_basic, kennysheep_ying_yang, zin_angel, minmay_misc_feat_alley,
          serial_park_tiny_1, uniq_ijyb
D:4:      layout_basic, vehumet_statue, kennysheep_mini_moat,
          lemuel_coloured_pillars_altar, serial_shops, shop,
          nicolae_shop_crystal, nicolae_shop_behind_doors, shop, shop,
          first_ration
D:5:      layout_basic, kiku_gazebo_pond_becter, uniq_grinder
D:6:      layout_loops_ring, temple_doors_ab, serial_shops, shop, uniq_menkaure
D:7:      layout_basic, serial_shops, kennysheep_little_box, uniq_joseph,
          uniq_duvessa
D:8:      layout_loops_corners, uniq_erica, uniq_prince_ribbit1, uniq_grum,
          uniq_psyche
D:9:      layout_basic, lemuel_blue_sif_altar, okawaru_trees_1
D:10:     layout_rooms, blue_anna_alchemist [blue_anna_fruit_fields,
          blue_anna_fruit_fields]
D:11:     minmay_the_grid_triangle_9x9_rhombus_full_mashed
          [minmay_the_grid_triangle_9x9_from_above,
          minmay_the_grid_triangle_9x9_dagger,
          minmay_the_grid_triangle_9x9_odd_lines,
          minmay_the_grid_triangle_9x9_checkered,
          minmay_the_grid_triangle_9x9_minimal,
          minmay_the_grid_triangle_9x9_fully_insulated_deathbox,
          minmay_the_grid_triangle_9x9_flanged_cone,
          minmay_the_grid_triangle_9x9_prize_schism], layout_basic,
          kennysheep_orc_monster_closet_entryway, uniq_urug
D:12:     layout_roguey, basic_altar, serial_shops, shop,
          kennysheep_generic_room_4, uniq_jorgrun
D:13:     layout_basic, serial_shops, kennysheep_mini,
          nicolae_shop_window_shopping, nicolae_shop_waterfront,
          nicolae_shop_overgrown_old_shop, nicolae_shop_behind_doors,
          chequers_jeans, uniq_snorg
D:14:     layout_small_grid, david_vaults_3, special_room [special_room_bee],
          minmay_circle_x
D:15:     grunt_enter_depths_snipers, layout_loops_corners,
          minmay_fractal_squares_gapless_5
Temple:   compressed_dpeg_triangle_lava_temple
Lair:1:   layout_gridlike, serial_bayou_pond_b, cheibrodos_lair_reptile_den,
          infiniplex_staircase_pool
Lair:2:   cheibrodos_lair_overgrown_chateau, layout_chaotic_city,
          nicolae_spider_entry_non_spiders, gammafunk_ghost_split
Lair:3:   layout_chaotic_city, portal_ice_cave_demonic_guard
Lair:4:   layout_small_grid, minmay_swamp_entry_wisps, grunt_megastairs_1
Lair:5:   layout_concentric_octagons, slime_altar_2, grunt_megastairs_5
Lair:6:   due_jungle_book, layout_cave_pods, infiniplex_staircase_pool_2,
          lemuel_fruit_tree
Swamp:1:  layout_falls_marsh, evilmike_swamp_ruin_rubble_1, uniq_roxanne
Swamp:2:  layout_basic_swamp, evilmike_swamp_ruin_house_1, uniq_louise
Swamp:3:  layout_falls_marsh, nicolae_swamp_treefoil
Swamp:4:  swamp_icy, layout_basic_swamp
Spider:1: layout_spider_delve, guppyfry_spider_mini_3
Spider:2: layout_spider_delve, drop_trap, minivault_29
Spider:3: layout_spider_delve, uniq_azrael, uniq_arachne
Spider:4: guppyfry_spider_rune
Vaults:1: v_misc_23, grunt_vaults_hallway_long, vaults_mumra_chevron_long,
          nicolae_vaults_halls_meeting, v_rooms_6, ontoclasm_vaults_idyll,
          nicolae_vaults_rhombus_6, layout_vaults_ring, mu_enter_wizlab_1,
          serial_shops, shop_statue, shop, shop, portal_desolation_entry_garden
Vaults:2: minmay_crypt_entry_necro_gods, nicolae_vaults_diagonal_hallway_9,
          v_alt_pattern_6, vaults_mumra_hexcomb,
          ontoclasm_vaults_loading_screen, nicolae_vaults_inception_network,
          ontoclasm_vaults_bender, hangedman_vaults_stretched_pinwheel,
          vaults_room_ringed_pool, nicolae_vaults_mini_display_case,
          layout_vaults_omnigrid
Vaults:3: nicolae_vaults_windows_and_doors_thing, nicolae_vaults_network_square,
          v_misc_23, nicolae_vaults_arrows, vaults_room_grid, v_misc_18,
          v_misc_14, nicolae_vaults_stairing_the_circle, v_rooms_6, v_misc_19,
          ontoclasm_vaults_ligature, ontoclasm_vaults_gateway,
          layout_vaults_maze
Vaults:4: v_alt_pattern_4, ontoclasm_vaults_spin, nicolae_vaults_murderbox,
          ontoclasm_vaults_twist, hangedman_vaults_cutoff,
          nicolae_vaults_ring_of_whatevers, serial_ice_b,
          layout_vaults_chaotic_city
Vaults:5: serial_shops, uniq_margery
Depths:1: layout_forbidden_donut, enter_ziggurat_d, pan_entry, abyss_entry,
          grunt_hell_entry_dis_grunt, grunt_ministairs_2, hallowed_hall,
          kennysheep_random_hallway
Depths:2: hangedman_pleasuredromes, hell_entry, uniq_bai_suzhen, uniq_asterion
Depths:3: minmay_strange_plus, layout_basic, rand_demon_pan_entry_8,
          abyss_entry_small_statue_room, hell_entry
Depths:4: minmay_glassy_protrusions, layout_cave_pools, hell_entry,
          enter_trove_6, gammafunk_ghost_wrathful_warriors, abyss_entry_crystal,
          hex_medium, infiniplex_staircase_door_maze, uniq_mara, uniq_xtahua
Depths:5: evilmike_zot_entry_basic, layout_cave_pools, minmay_strange_pillars,
          rand_demon_pan_entry_4, hell_entry, uniq_enchantress, uniq_jory

Skill      XL: |  1  2  3  4  5  6  7  8  9 10 11 12 13 14 15 16 17 18 19 20 |
---------------+-------------------------------------------------------------+-----
Axes           | 3 4 5 6 8 10 11 13 14 15 16 | 16.0
Fighting       | 3 4 5 6 7 8 9 10 11 12 13 15 16 18 | 18.5
Armour         | 4 5 6 7 8 9 10 11 12 14 15 17 19 20 21 | 21.3
Shields        | 4 5 6 7 8 9 10 11 12 14 15 | 15.0
Invocations    | 1 4 7 9 10 12 14 15 | 15.0

Action                   |  1- 3 |  4- 6 |  7- 9 | 10-12 | 13-15 | 16-18 | 19-21 || total
-------------------------+-------+-------+-------+-------+-------+-------+-------++-------
Melee: War axe           |    29 |   131 |   299 |   504 |   810 |   986 |   461 ||  3220
Invok: Lesser Servant of |       |       |       |     4 |     3 |       |       ||     7
 Abil: Heal Wounds       |       |     8 |    11 |    14 |     2 |     9 |     8 ||    52
  Use: Scroll            |       |     5 |     9 |       |    12 |    10 |     4 ||    40
       Potion            |       |       |       |       |       |     4 |       ||     4
 Stab: Held in net/web   |       |       |       |       |     3 |       |       ||     3
  Eat: Chunk             |       |     1 |    11 |    12 |    18 |    13 |     3 ||    58
       Ration            |       |       |       |     1 |       |     1 |     1 ||     3
Armor: Scale mail        |    16 |    56 |    65 |       |       |       |       ||   137
       Plate armour      |       |       |    44 |   309 |   464 |   421 |   235 ||  1473
Dodge: Dodged            |    16 |    40 |    54 |   113 |   151 |   125 |    64 ||   563
Block: Kite shield       |    26 |    76 |   176 |   329 |   130 |       |       ||   737
       Reflection        |       |       |       |       |     1 |       |       ||     1
       Tower shield      |       |       |       |       |   735 |   966 |   463 ||  2164

Table legend:
 A = Non-vault XP
 B = Vault XP
 C = Vault XP percentage of total XP
 D = Non-vault monster count
 E = Vault monster count
 F = Vault count percentage of total count
                 A         B        C        D         E       F
            +---------+---------+-------+---------+---------+-------
      Total |  245701 |  256668 |  51.1 |     810 |     416 |  33.9
            +---------+---------+-------+---------+---------+-------
        D:1 |       8 |       0 |   0.0 |       4 |       0 |   0.0
        D:2 |      31 |      45 |  59.2 |       9 |       1 |  10.0
        D:3 |     293 |      36 |  10.9 |      31 |       1 |   3.1
        D:4 |     108 |       0 |   0.0 |      21 |       0 |   0.0
        D:5 |     757 |     272 |  26.4 |      23 |       1 |   4.2
        D:6 |    1100 |     175 |  13.7 |      34 |       1 |   2.9
        D:7 |    1006 |     697 |  40.9 |      24 |       3 |  11.1
        D:8 |    1043 |    2200 |  67.8 |      14 |       7 |  33.3
        D:9 |    3399 |       0 |   0.0 |      50 |       0 |   0.0
       D:10 |    4532 |     100 |   2.2 |      31 |       1 |   3.1
       D:11 |    3177 |    6671 |  67.7 |      24 |      42 |  63.6
       D:12 |     803 |       0 |   0.0 |       2 |       0 |   0.0
       D:13 |    7141 |    1095 |  13.3 |      36 |       1 |   2.7
       D:14 |    5503 |   13924 |  71.7 |      17 |      52 |  75.4
       D:15 |     942 |    2371 |  71.6 |       4 |       3 |  42.9
     Lair:1 |    2799 |    1211 |  30.2 |      13 |       4 |  23.5
     Lair:2 |    7036 |    4701 |  40.1 |      27 |      24 |  47.1
     Lair:3 |    2907 |     729 |  20.0 |      16 |       2 |  11.1
     Lair:4 |    6995 |    1032 |  12.9 |      26 |       7 |  21.2
     Lair:5 |    4288 |     994 |  18.8 |      20 |       1 |   4.8
     Lair:6 |   15650 |    2806 |  15.2 |      38 |       5 |  11.6
    Swamp:1 |     974 |       0 |   0.0 |       5 |       0 |   0.0
    Swamp:2 |    5883 |       0 |   0.0 |      17 |       0 |   0.0
    Swamp:3 |    1677 |       0 |   0.0 |       4 |       0 |   0.0
    Swamp:4 |   20356 |    8524 |  29.5 |      43 |      28 |  39.4
   Spider:1 |     624 |       0 |   0.0 |       2 |       0 |   0.0
   Spider:2 |    8694 |    8002 |  47.9 |      31 |      45 |  59.2
   Spider:3 |   20677 |    6395 |  23.6 |      61 |      10 |  14.1
   Spider:4 |   16359 |   17079 |  51.1 |      47 |      32 |  40.5
   Vaults:1 |     442 |       0 |   0.0 |       1 |       0 |   0.0
   Vaults:2 |   16111 |   13261 |  45.1 |      29 |      14 |  32.6
   Vaults:3 |     292 |    1647 |  84.9 |       1 |       3 |  75.0
   Vaults:4 |    1444 |     448 |  23.7 |       1 |       1 |  50.0
   Vaults:5 |   34312 |  132584 |  79.4 |      39 |      93 |  70.5
   Depths:1 |   24811 |   12348 |  33.2 |      39 |      14 |  26.4
   Depths:2 |     803 |   13676 |  94.5 |       3 |      17 |  85.0
   Depths:3 |    5466 |    1986 |  26.7 |       6 |       1 |  14.3
   Depths:4 |   14084 |       0 |   0.0 |      14 |       0 |   0.0
   Depths:5 |    3174 |    1659 |  34.3 |       3 |       2 |  40.0
            +---------+---------+-------+---------+---------+-------
